 Dungeon Crawl Stone Soup version 0.20-a0-396-gbf3f530 (webtiles) character file.

5355 Kriby the Thaumaturge (level 10, -4/63 HPs)
             Began as a Mummy Fire Elementalist on Dec 31, 2016.
             Was an Elder of Sif Muna.
             Slain by a killer bee (9 damage)
             ... on level 9 of the Dungeon.
             The game lasted 00:33:38 (10999 turns).

Kriby the Thaumaturge (Mummy Fire Elementalist)    Turns: 10999, Time: 00:33:39

Health: -4/63      AC:  4    Str: 12    XL:     10   Next: 38%
Magic:  10/30      EV: 12    Int: 35    God:    Sif Muna [****..]
Gold:   525        SH:  0    Dex: 13    Spells: 15/30 levels left

rFire  x . .     SeeInvis .     y - +6 Majin-Bo {vamp, Archmagi MP+6 Int+6}
rCold  + . .     Gourm    .     a - +0 robe
rNeg   + + +     Faith    .     (shield currently unavailable)
rPois  ∞         Spirit   .     (no helmet)
rElec  .         Reflect  .     (no cloak)
rCorr  .         Harm     .     q - +1 pair of gloves
MR     +....                    (no boots)
Stlth  ++........               u - amulet of magic regeneration
                                j - +6 ring of intelligence
                                k - +6 ring of intelligence

@: divine energy
A: no food or potions, fire vulnerability, cold resistance 1, negative energy
resistance 3, torment resistance, unbreathing
a: Stop Divine Energy, Channel Magic, Forget Spell, Renounce Religion


You were on level 9 of the Dungeon.
You worshipped Sif Muna.
Sif Muna was greatly pleased with you.
You were not hungry.

You visited 2 branches of the dungeon, and saw 10 of its levels.
You also visited: Ossuary.

You collected 525 gold pieces.

Inventory:

Hand Weapons
 h - a +0 mace
 y - the +6 Majin-Bo (weapon) {vamp, Archmagi MP+6 Int+6}
   (You found it on level 8 of the Dungeon)

   It inflicts no extra harm, but heals its wielder when it wounds a living foe.
   It affects your intelligence (+6).
   It affects your magic capacity (+6).
Armour
 a - a +0 robe (worn)
 q - a +1 pair of gloves (worn)
Magical Staves
 x - an uncursed staff of earth
Jewellery
 j - a +6 ring of intelligence (right hand)
 k - a +6 ring of intelligence (left hand)
 r - a +2 ring of slaying
 t - a +1 ring of evasion
 u - an amulet of magic regeneration (around neck)
 z - a cursed ring of loudness {unknown}
Wands
 m - a wand of iceblast (4/15)
 n - a wand of disintegration (22/24)
 p - a wand of iceblast (8/15)
 s - a wand of iceblast (9/15)
 v - a wand of polymorph (20/24)
 A - a wand of iceblast (4/15)
Scrolls
 c - 6 scrolls of remove curse
 d - 2 scrolls of recharging
 e - 2 scrolls of identify
 f - 2 scrolls of fear
 g - 6 scrolls of teleportation
 i - a scroll of enchant armour
 l - 3 scrolls of amnesia
 o - 2 scrolls of immolation {unknown}
Books
 b - a book of Flames

   Spells                             Type                      Level
   a - Flame Tongue                   Conjuration/Fire             1
   b - Throw Flame                    Conjuration/Fire             2
   c - Conjure Flame                  Conjuration/Fire             3
   d - Inner Flame                    Hexes/Fire                   3
   e - Sticky Flame                   Conjuration/Fire             4
   f - Fireball                       Conjuration/Fire             5


   Skills:
 * Level 1.8 Dodging
 - Level 1.5 Stealth
 + Level 10.6 Spellcasting
 + Level 7.6 Conjurations
 + Level 8.0 Fire Magic


You had 15 spell levels left.
You knew the following spells:

 Your Spells              Type           Power        Failure   Level  Hunger
a - Flame Tongue          Conj/Fire      #####        1%          1    N/A
b - Conjure Flame         Conj/Fire      #######.     1%          3    N/A
c - Sticky Flame          Conj/Fire      #######.     1%          4    N/A
d - Throw Flame           Conj/Fire      ######       1%          2    N/A
e - Fireball              Conj/Fire      #######...   2%          5    N/A

Dungeon Overview and Level Annotations

Branches:
Dungeon (9/15)             Temple (1/1) D:4
   Lair: D:8-11         Orc: D:9-12

Altars:
Ashenzari
Dithmenos
Fedhas
Gozag
Hepliaklqana
Makhleb
Nemelex Xobeh
Okawaru
Sif Muna
Trog
Uskayaw
Vehumet
Yredelemnul
Zin
The Shining One

Shops:
D:5 !

Annotations:
D:3 exclusion: oklob plant
D:6 Kay thanks


Innate Abilities, Weirdness & Mutations

You do not eat or drink.
Your flesh is vulnerable to fire.
You are immune to poison.
Your flesh is cold resistant. (rC+)
You are immune to negative energy. (rN+++)
You are immune to unholy pain and torment.
You can survive without breathing.


Message History

Confirm with . or Enter, or press ? or * to list all spells.
Aiming: Flame Tongue
Press: ? - help, Shift-Dir - straight line, f/p - killer bee
Aim: a killer bee (moderately wounded)
You feel a surge of power!
The flame tongue misses the killer bee. x2
Found 11 gold pieces.
The killer bee closely misses you. The killer bee stings you.
The killer bee stings you. The killer bee stings you.
The killer bee stings you. The killer bee stings you!
* * * LOW HITPOINT WARNING * * *
The killer bee closely misses you.
There is a stone staircase leading up here.
The killer bee barely misses you. The killer bee stings you!
* * * LOW HITPOINT WARNING * * *
The killer bee misses you. The killer bee barely misses you.
The killer bee stings you!
You die...

#.
#...y......
#.#
#..........
#.#
#.##..#.##..
#.#
##....##... .
#.###...###
##.
#.........#
#.../.....#
#yy.W.....#
#@y...(.....#
#........<#..
#############


You could see a hungry ghost and 3 killer bees.

Vanquished Creatures
  A two-headed ogre (D:8)
  Joseph (D:7)
  2 hippogriffs (D:8)
  A spriggan (D:7)
  2 wraiths (Ossuary)
  The ghost of zeroDi the Skirmisher, an amateur VSFi (D:3)
  2 phantoms
  A sky beast (D:6)
  A necrophage (D:5)
  5 ogres
  A centaur (D:8)
  An elf zombie (D:5)
  7 bullfrogs
  An elf skeleton (D:5)
  4 scorpions
  A water moccasin skeleton (D:7)
  2 killer bees (D:9)
  5 wights
  2 howler monkeys
  A jelly (D:6)
  2 crimson imps
  3 centaur zombies
  3 hounds
  A quasit (D:6)
  A human zombie (D:5)
  10 orc wizards
  2 bullfrog skeletons
  5 orc priests
  4 iguanas
  A human skeleton (D:5)
  6 worker ants
  A killer bee zombie (D:5)
  A worker ant zombie (D:5)
  10 adders
  3 gnolls (D:5)
  An ooze (D:3)
  3 adder zombies
  2 adder skeletons
  2 worms
  4 dart slugs
  7 leopard geckos
  38 orcs
  9 bats
  4 giant cockroaches
  6 goblins
  11 hobgoblins
  14 jackals
  11 kobolds
  5 quokkas
  A ball python skeleton (Ossuary)
  8 frilled lizards
  2 hobgoblin skeletons (Ossuary)
  2 hobgoblin zombies (Ossuary)
  A kobold zombie (Ossuary)
  2 orc skeletons
  2 orc zombies
  4 rats
234 creatures vanquished.

Vanquished Creatures (others)
  15 toadstools (D:3)
15 creatures vanquished.

Grand Total: 249 creatures vanquished

Notes
Turn   | Place    | Note
-------+----------+-------------------------------------------
     0 | D:1      | Kriby the Mummy Fire Elementalist began the quest for the Orb.
     0 | D:1      | Reached XP level 1. HP: 13/13 MP: 4/4
   101 | D:1      | Reached skill level 1 in Conjurations
   169 | D:1      | Reached XP level 2. HP: 11/19 MP: 1/5
  1032 | D:1      | Reached XP level 3. HP: 24/24 MP: 7/7
  1814 | D:2      | Learned a level 3 spell: Conjure Flame
  1871 | D:2      | Reached skill level 3 in Spellcasting
  1884 | D:2      | Reached XP level 4. HP: 29/30 MP: 3/8
  2493 | D:3      | Reached XP level 5. HP: 26/35 MP: 0/10
  2732 | D:3      | Noticed zeroDi's ghost (amateur VSFi)
  2878 | D:3      | Reached skill level 4 in Spellcasting
  3034 | D:3      | Found a burning altar of Makhleb.
  3034 | D:3      | Noticed a cacodemon
  3089 | D:3      | Noticed an ogre
  3186 | D:3      | Killed an ogre
  3186 | D:3      | Reached XP level 6. HP: 37/41 MP: 1/12
  3329 | D:3      | Found a glowing silver altar of Zin.
  3329 | D:3      | Found a basalt altar of Yredelemnul.
  3490 | D:3      | Found a blossoming altar of Fedhas.
  3509 | D:3      | Noticed an oklob plant
  3789 | D:3      | Killed zeroDi's ghost
  3967 | D:4      | Found an iron altar of Okawaru.
  3967 | D:4      | Found a staircase to the Ecumenical Temple.
  3977 | D:4      | Reached skill level 5 in Spellcasting
  3977 | D:4      | Reached XP level 7. HP: 46/46 MP: 3/14
  4063 | Temple   | Entered the Ecumenical Temple
  4086 | Temple   | Became a worshipper of Sif Muna the Loreminder
  4120 | D:4      | Learned a level 4 spell: Sticky Flame
  4123 | D:4      | Learned a level 2 spell: Throw Flame
  4316 | D:4      | Found an opulent altar of Gozag.
  4587 | D:4      | Found a shattered altar of Ashenzari.
  4880 | D:4      | Reached * piety under Sif Muna
  4880 | D:4      | Reached skill level 6 in Spellcasting
  5313 | D:5      | Entered Level 5 of the Dungeon
  5321 | D:5      | Reached skill level 5 in Fire Magic
  5575 | D:5      | Found Offen's Distillery.
  5677 | D:5      | Reached XP level 8. HP: 45/52 MP: 1/17
  5760 | D:5      | Found a sand-covered staircase.
  5823 | Ossuary  | Entered an ossuary
  6083 | Ossuary  | Reached ** piety under Sif Muna
  6164 | Ossuary  | Learned a level 5 spell: Fireball
  6268 | Ossuary  | Noticed a flying skull
  6284 | Ossuary  | Noticed a flying skull
  6287 | Ossuary  | Noticed a flying skull
  6299 | Ossuary  | Reached skill level 7 in Spellcasting
  6299 | Ossuary  | Reached skill level 5 in Conjurations
  7203 | D:6      | Got a fine cloak
  7204 | D:6      | Identified the cursed -2 cloak of the Dragon {rElec rC+ Dex-5 Slay+6} (You found it on level 6 of the Dungeon)
  7219 | D:6      | Reached skill level 8 in Spellcasting
  7237 | D:6      | Reached XP level 9. HP: 57/57 MP: 0/21
  7493 | D:6      | Reached *** piety under Sif Muna
  8107 | D:7      | Noticed Joseph
  8460 | D:7      | Reached skill level 9 in Spellcasting
  8593 | D:7      | Found a shadowy altar of Dithmenos.
  8971 | D:7      | HP: 1/57 [Joseph/sling bullet (22)]
  8973 | D:7      | Killed Joseph
  9105 | D:7      | Reached **** piety under Sif Muna
  9393 | D:7      | Found a hazy altar of Hepliaklqana.
  9469 | D:7      | Found a sparkling altar of Nemelex Xobeh.
  9763 | D:8      | Reached XP level 10. HP: 63/63 MP: 15/23
  9771 | D:8      | Reached skill level 10 in Spellcasting
  9811 | D:8      | Found a radiant altar of Vehumet.
 10026 | D:8      | Found a bloodstained altar of Trog.
 10690 | D:8      | Noticed a two-headed ogre
 10696 | D:8      | Killed a two-headed ogre
 10999 | D:9      | Slain by a killer bee

Vault maps used:
D:1:      minmay_arrival_four_houses, hangedman_decor_lopped
D:2:      first_bread, amethyst_killhole
D:3:      lemuel_upstairs_altar, makhleb_altar_promises_db, tgw_fedhas,
          gammafunk_temple_overflow_statue
D:4:      okawaru_trees_1, evilmike_ruin_ashenzari, nicolae_gozag_seed_capital,
          roderic_bipointed_swastika
D:5:      nicolae_ossuary_entry_catacombs, serial_shops, shop
D:6:      minmay_misc_feat_rows, serial_bayou_pond_e
D:7:      grunt_dithmenos_smoke_and_mirrors, marbit_many_paths, basic_altar,
          the_bakery, minmay_misc_feat_room, uniq_joseph
D:8:      lemuel_doored_altar, lemuel_coloured_pillars_altar
Temple:   cyrus_temple_forest
Ossuary:  ossuary_due_cavern

Skill      XL: |  1  2  3  4  5  6  7  8  9 10 |
---------------+-------------------------------+-----
Conjurations   | 1 2 3 4 5 7 |  7.6
Fire Magic     | 3 4 5 6 7 8 |  8.0
Spellcasting   | 3 4 5 6 8 9 10 | 10.6
Dodging        | |  1.8
Stealth        | |  1.5

Action                   |  1- 3 |  4- 6 |  7- 9 | 10-12 || total
-------------------------+-------+-------+-------+-------++-------
Melee: Hand axe          |    10 |       |       |       ||    10
       Mace              |    20 |    10 |    34 |       ||    64
       Quarterstaff      |       |       |       |     1 ||     1
 Cast: Flame Tongue      |    59 |   108 |   286 |    15 ||   468
       Conjure Flame     |       |    13 |    28 |     7 ||    48
       Throw Flame       |       |       |    81 |    32 ||   113
       Sticky Flame      |       |       |     9 |     7 ||    16
       Fireball          |       |       |     8 |       ||     8
Invok: Divine Energy     |       |       |     1 |       ||     1
Evoke: Wand              |       |     6 |     6 |     1 ||    13
  Use: Scroll            |       |     3 |    11 |     1 ||    15
 Stab: Sleeping          |     1 |       |       |       ||     1
Armor: Robe              |    21 |     4 |    25 |     3 ||    53
Dodge: Dodged            |    51 |    30 |    59 |    18 ||   158
